 Dungeon Crawl Stone Soup version 0.19-a0-1019-g9c6a58d (webtiles) character file.

340 Implojin the Slasher (level 6, 0/41 HPs)
             Began as a Halfling Arcane Marksman on July 26, 2016.
             Was an Initiate of Dithmenos.
             Succumbed to a worker ant's poison
             ... on level 6 of the Dungeon.
             The game lasted 00:21:13 (6692 turns).

Implojin the Slasher (Halfling Arcane Marksman)     Turns: 6692, Time: 00:21:13

Health: 0/41       AC:  9    Str: 11    XL:     6   Next: 86%
Magic:  7/7        EV: 13    Int: 12    God:    Dithmenos [......]
Gold:   228        SH:  0    Dex: 16    Spells: 1 memorised, 6 levels left

rFire  . . .     SeeInvis .     I - -3 long sword (curse)
rCold  . . .     Gourm    .     s - +1 ring mail (curse)
rNeg   . . .     Faith    .     (shield restricted)
rPois  .         Spirit   .     (no helmet)
rElec  .         Dismiss  .     (no cloak)
rCorr  .         Reflect  .     v - +2 pair of gloves
SustAt .         Harm     .     (no boots)
MR     +....                    (no amulet)
Stlth  +.........               (no ring)
                                J - ring of protection from magic

@: lethally poisoned (0 -> -1), very slightly contaminated, invisible, somewhat
resistant to hostile enchantments, very unstealthy
A: mutation resistance 1
a: Renounce Religion


You were on level 6 of the Dungeon.
You worshipped Dithmenos.
Dithmenos was noncommittal.
You were hungry.

You visited 1 branch of the dungeon, and saw 7 of its levels.
You also visited: Sewer.

You collected 228 gold pieces.

Inventory:

Hand Weapons
 h - a +0 club
 k - a +0 whip
 m - a +0 dagger
 q - a +0 hand axe
 u - a +0 hunting sling
 z - a +1 dagger of draining
 B - a +0 falchion
 D - a +0 short sword
 F - a +0 trident
 H - a cursed -1 short sword
 I - a cursed -3 long sword (weapon)
 N - a +0 quarterstaff
 P - a +0 long sword
Missiles
 c - 9 tomahawks (quivered)
 d - 5 needles of sleeping
 i - 13 bolts
 l - 121 stones
 n - 11 poisoned needles
Armour
 a - a +0 robe
 e - a +0 leather armour
 g - a +0 chain mail
 s - a cursed +1 ring mail (worn)
 v - a +2 pair of gloves (worn)
 x - a +0 plate armour
 A - a +0 scale mail
 C - a +0 scale mail
Jewellery
 J - a ring of protection from magic (left hand)
Scrolls
 p - a scroll of fear
 w - a scroll of recharging
 y - 4 scrolls of blinking
 M - a scroll of noise
Potions
 j - a potion of brilliance
 o - 2 potions of degeneration
 E - a potion of agility
 K - 3 potions of flight
Books
 b - a book of Debilitation

   Spells                             Type                      Level
   a - Corona                         Hexes                        1
   b - Slow                           Hexes                        2
   c - Gell's Gravitas                Hexes/Translocation          3
   d - Inner Flame                    Hexes/Fire                   3
   e - Cause Fear                     Hexes                        4
   f - Leda's Liquefaction            Hexes/Earth                  4
Comestibles
 f - 5 bread rations
 r - a royal jelly
 t - a meat ration
 G - 2 fruits
 O - a beef jerky


   Skills:
 - Level 2.9 Fighting
 * Level 5.3 Long Blades
 - Level 2.1 Throwing
 - Level 2.1 Dodging
 - Level 0.7 Unarmed Combat
 - Level 1.0 Spellcasting
 - Level 2.6 Hexes


You had 6 spell levels left.
You knew the following spells:

 Your Spells              Type           Power        Failure   Level  Hunger
a - Corona                Hex            #......      30%         1    ##.....


Dungeon Overview and Level Annotations

Branches:
Dungeon (7/15)
 Temple: D:4-7

Altars:
Ashenzari
Dithmenos

Shops:
D:4 :

Annotations:
D:4 msp's ghost, amateur HEFE


Innate Abilities, Weirdness & Mutations

You are small and have problems with some larger weapons.
You are somewhat resistant to further mutation.


Message History

The worker ant is severely wounded.
The worker ant barely misses you.
The worker ant bites you but does no damage.
Throwing (i - inventory. (,) - cycle):
c - 11 tomahawks (quivered)
Press: ? - help, Shift-Dir - straight line, f/p - worker ant
Aim: a worker ant (severely wounded)
You throw a tomahawk.
The tomahawk hits the worker ant but does no damage.
The worker ant is severely wounded.
* * * LOW HITPOINT WARNING * * *
You feel sick. The worker ant misses you.
You riposte.
You barely miss the worker ant.
The worker ant is severely wounded.
Unknown command.
Throwing (i - inventory. (,) - cycle):
c - 10 tomahawks (quivered)
Press: ? - help, Shift-Dir - straight line, f/p - worker ant
Aim: a worker ant (severely wounded)
You throw a tomahawk. The tomahawk hits the worker ant.
You kill the worker ant!
Dithmenos accepts your kill.
Unknown command.
Okay, then.
Okay, then.
* * * LOW HITPOINT WARNING * * *
You feel sick.
You see here 2 tomahawks.
Unknown command.
There is a lethal amount of poison in your body!
Unknown command.
There is a stone staircase leading up here.
There is a lethal amount of poison in your body!
* * * LOW HITPOINT WARNING * * *
You feel sick.
Unknown command.
Okay, then.
There is a lethal amount of poison in your body!
* * * LOW HITPOINT WARNING * * *
You feel sick.
There is a stone staircase leading up here.
You die...

... #..#. ..
#..#. ..# #.....
..#
#....#####...#
#....#...#...#..
#...............
#...#..#.....#
#....@.(..#.....
#.#....#.....#..
#.#....##....
#.####....###
### ######


There were no monsters in sight!

Vanquished Creatures
  A water moccasin skeleton (D:4)
  2 centaur skeletons (D:4)
  3 worker ants
  5 adders
  4 oozes (Sewer)
  5 worms
  A dart slug (D:3)
  4 giant geckos
  6 orcs
  6 giant cockroaches
  5 hobgoblins
  4 jackals (Sewer)
  A quokka (D:2)
  2 ball pythons
  17 bats
  2 giant newts (Sewer)
  6 goblins
  7 kobolds
  6 rats
87 creatures vanquished.

Notes
Turn   | Place    | Note
-------+----------+-------------------------------------------
     0 | D:1      | Implojin the Halfling Arcane Marksman began the quest for the Orb.
     0 | D:1      | Reached XP level 1. HP: 12/12 MP: 2/2
   173 | D:1      | Reached skill level 1 in Fighting
   222 | D:1      | Reached XP level 2. HP: 16/18 MP: 3/3
   612 | D:1      | Reached skill level 2 in Fighting
   729 | D:1      | Reached XP level 3. HP: 24/24 MP: 4/4
  1647 | D:3      | Found a shattered altar of Ashenzari.
  1871 | D:3      | Reached XP level 4. HP: 30/30 MP: 5/5
  1890 | D:3      | Reached skill level 1 in Long Blades
  2210 | D:3      | Found a glowing drain.
  2215 | Sewer    | Entered a sewer
  2563 | Sewer    | Reached skill level 2 in Long Blades
  2841 | Sewer    | Reached XP level 5. HP: 26/36 MP: 6/6
  3877 | D:3      | Reached skill level 3 in Long Blades
  3998 | D:4      | Noticed msp's ghost (amateur HEFE)
  4203 | D:4      | Reached skill level 4 in Long Blades
  4203 | D:4      | Reached XP level 6. HP: 30/41 MP: 7/7
  4297 | D:4      | Found Puebruh's Book Emporium.
  5413 | D:4      | Reached skill level 5 in Long Blades
  6469 | D:4      | You fall through a shaft for 2 floors!
  6550 | D:6      | Noticed a sky beast
  6631 | D:5      | Entered Level 5 of the Dungeon
  6631 | D:5      | Found a shadowy altar of Dithmenos.
  6633 | D:5      | :random combo of firstgod, taking dith
  6639 | D:5      | Became a worshipper of Dithmenos the Shadowed
  6642 | D:5      | :oh
  6642 | D:5      | :oops
  6642 | D:5      | :didn't see that ash altar
  6678 | D:6      | HP: 2/41 [poisoned by a worker ant]
  6684 | D:6      | HP: 1/41 [poisoned by a worker ant]
  6692 | D:6      | Succumbed to a worker ant's poison

Vault maps used:
D:1:      zelgadis_glass_arrival_small, st_stairs_6
D:2:      first_bread
D:3:      evilmike_ruin_ashenzari, portal_sewer_entry_e
D:4:      serial_shops, shop
D:5:      lemuel_crystal_altar, nicolae_overflow_hidden_temple, st_stairs_2
D:6:      kiku_gazebo_garden_becter, minmay_misc_feat_five, uniq_pikel
D:7:      kennysheep_mini_moat, uniq_duvessa
Sewer:    sewer_fruit_machine

Skill      XL: |  1  2  3  4  5  6 |
---------------+-------------------+-----
Fighting       | 1 2 |  2.9
Long Blades    | 2 4 5 |  5.3
Throwing       | |  2.1
Dodging        | |  2.1
Unarmed Combat | |  0.7
Spellcasting   | |  1.0
Hexes          | |  2.6

Action                   |  1- 3 |  4- 6 || total
-------------------------+-------+-------++-------
Melee: Unarmed           |    44 |       ||    44
       Club              |    90 |       ||    90
       Whip              |    71 |   158 ||   229
       Dagger            |       |    61 ||    61
       Long sword        |       |   160 ||   160
Throw: Tomahawk          |    18 |    27 ||    45
       Throwing net      |       |     3 ||     3
  Use: Scroll            |     3 |    11 ||    14
       Potion            |       |     2 ||     2
 Stab: Held in net/web   |       |     2 ||     2
       Invisible         |       |     1 ||     1
  Eat: Chunk             |     2 |     9 ||    11
       Fruit             |       |     2 ||     2
       Bread ration      |       |     1 ||     1
       Royal jelly       |       |     1 ||     1
Armor: Chain mail        |    99 |       ||    99
       Robe              |     4 |       ||     4
       Ring mail         |    31 |   177 ||   208
Dodge: Dodged            |   157 |   336 ||   493

Table legend:
 A = Turns spent in this place as a percentage of turns spent in the entire game.
 B = Non-inter-level travel turns spent in this place as a percentage of non-inter-level travel turns spent in the entire game.
 C = Inter-level travel turns spent in this place as a percentage of turns spent in this place.
 D = Turns resting spent in this place as a percentage of non-inter-level travel turns spent in this place.
 E = Turns spent auto-exploring this place as a percentage of non-inter-level travel turns spent in this place.
 F = Non-inter-level travel turns spent in this place divided by the number of levels of this place that you've seen.
                   A       B       C       D       E      F
               +-------+-------+-------+-------+-------+----------------------
         Total | 100.0 | 100.0 |   0.3 |   2.3 |   2.2 | 356.5
       Dungeon |  71.6 |  71.5 |   0.4 |   2.5 |   3.1 | 291.4
         Sewer |  28.4 |  28.5 |   0.0 |   2.1 |   0.0 | 812.0
               +-------+-------+-------+-------+-------+----------------------

Table legend:
 A = Kills in this place as a percentage of kills in entire the game.
 B = Kills by you in this place as a percentage of kills by you in the entire game.
 C = Kills by friends in this place as a percentage of kills by friends in the entire game.
 D = Other kills in this place as a percentage of other kills in the entire game.
 E = Experience gained in this place as a percentage of experience gained in the entire game.
 F = Experience gained in this place divided by the number of levels of this place that you have seen.
                   A       B       C       D       E      F
               +-------+-------+-------+-------+-------+----------------------
         Total | 100.0 | 100.0 |  -nan |  -nan | 100.0 |  60.8
       Dungeon |  70.1 |  70.1 |  -nan |  -nan |  84.0 |  58.3
         Sewer |  29.9 |  29.9 |  -nan |  -nan |  16.0 |  78.0
               +-------+-------+-------+-------+-------+----------------------
